[Event "Titled Tuesday Blitz July 18 Late 2023"]
[White "Durarbayli, Vasif"]
[Black "Pinero Rodriguez, Carlos Jose"]
[WhiteFideId "13402935"]
[BlackFideId "3901726"]
[WhiteElo "2922"]
[BlackElo "2608"]
[Result "0-1"]
[Round "7"]
[TimeControl "180+2"]
[Date "2023.07.18"]
[WhiteClock "0:00:00"]
[BlackClock "0:00:16"]
[Board "21"]

1. e4 c5 2. Nf3 e6 3. d4 cxd4 4. Nxd4 a6 5. g3 Qc7 6. Bg2 Nf6 7. O-O Be7 8. Re1 d6 9. b3 O-O 10. Bb2 Nc6 11. c4 Bd7 12. Nc3 Rac8 13. Rc1 Ne5 14. f4 Ng6 15. Kh1 Qb8 16. Qe2 Rfd8 17. e5 dxe5 18. fxe5 Ne8 19. Qh5 b5 20. cxb5 axb5 21. Nf3 Bc6 22. Rf1 b4 23. Ne2 Bb5 24. Rxc8 Rxc8 25. Nfd4 Bd7 26. Be4 f5 27. exf6 Nxf6 28. Qf3 Rf8 29. Kg1 Bc5 30. Rc1 Qd6 31. Kg2 Nxe4 32. Qxe4 e5 33. Qc2 Bxd4 34. Bxd4 exd4 35. Qc4+ Kh8 36. Qxd4 Bc6+ 37. Kg1 Qe6 38. Qd3 Ne5 39. Nd4 Qd5 0-1


[Site "https://www.chess.com"]

[Event "Titled Tuesday Blitz July 18 Late 2023"]
[White "Zhigalko, Sergei"]
[Black "Krishnan, Varun"]
[WhiteFideId "13502956"]
[BlackFideId "5054508"]
[WhiteElo "2893"]
[BlackElo "2602"]
[Result "1/2-1/2"]
[Round "7"]
[TimeControl "180+2"]
[Date "2023.07.18"]
[WhiteClock "0:00:03"]
[BlackClock "0:00:05"]
[Board "22"]

1. e4 a6 2. d4 e6 3. Bd3 d5 4. e5 c5 5. c3 Nc6 6. Nf3 Qb6 7. dxc5 Bxc5 8. O-O Qc7 9. Re1 Nge7 10. Bf4 Bd7 11. Nbd2 Ng6 12. Bg3 O-O 13. Qe2 a5 14. Ng5 h6 15. Nh3 Nce7 16. Nb3 Bb6 17. a3 Qb8 18. Rad1 Bc7 19. Nd4 Nc6 20. f4 f5 21. Nb5 Bb6+ 22. Bf2 Bxf2+ 23. Qxf2 Nd8 24. Nd4 Nc6 25. Ne2 b5 26. Qc5 Rc8 27. Qf2 b4 28. axb4 axb4 29. c4 Nce7 30. b3 Bc6 31. Nd4 Bd7 32. Qg3 Kh7 33. Kh1 Qb6 34. Bf1 Ra3 35. Ng1 dxc4 36. Ngf3 cxb3 37. Rb1 b2 38. Rxb2 Nd5 39. Reb1 Ndxf4 40. Qf2 Nd3 41. Bxd3 Rxd3 42. Rxb4 Qc5 43. h3 Nxe5 44. Nxe5 Qxe5 45. Nf3 Qe3 46. Qg3 f4 47. Qg4 Rc1+ 48. Kh2 Rdd1 49. Rxc1 Qxc1 50. Qxf4 Qxf4+ 51. Rxf4 Bc6 52. Ne5 Bd5 53. Rf2 Re1 54. Nd3 Re3 55. Nf4 Re4 56. Nd3 Re3 57. Nf4 Re4 58. Nd3 Re3 1/2-1/2


[Site "https://www.chess.com"]

[Event "Titled Tuesday Blitz July 18 Late 2023"]
[White "Besedes, Danilo"]
[Black "Bartel, Mateusz"]
[WhiteFideId "946796"]
[BlackFideId "1112635"]
[WhiteElo "2558"]
[BlackElo "2845"]
[Result "0-1"]
[Round "7"]
[TimeControl "180+2"]
[Date "2023.07.18"]
[WhiteClock "0:00:07"]
[BlackClock "0:00:18"]
[Board "23"]

1. b3 e5 2. Bb2 d6 3. e3 Nc6 4. d4 exd4 5. exd4 Nf6 6. Nf3 Be7 7. Nbd2 O-O 8. Be2 Re8 9. O-O Bf8 10. a3 Ne7 11. Bd3 Ng6 12. Re1 c6 13. h3 Bd7 14. Ne4 Nxe4 15. Rxe4 Rxe4 16. Bxe4 Qf6 17. Bxg6 Qxg6 18. Kf1 Be7 19. Qd2 Bf5 20. Re1 Bf6 21. c4 h6 22. d5 Be4 23. Bxf6 Bxf3 24. gxf3 Qxf6 25. dxc6 Qxf3 26. cxb7 Qh1+ 27. Ke2 Qxb7 28. Qd3 a5 29. Kd2 Rb8 30. Kc2 Qb6 31. Re3 Qc5 32. Kb2 h5 33. Qd5 Qb6 34. Qxh5 Qd4+ 35. Kc2 Qa1 36. Qxa5 Qa2+ 37. Kc1 Qxf2 38. Qd2 Qf6 39. Kb1 Qf5+ 40. Ka2 f6 41. Qe2 Kh7 42. Qd3 Qxd3 43. Rxd3 f5 44. Rxd6 f4 45. Rd3 g6 46. Rf3 g5 47. b4 Kg6 48. c5 Kf5 49. Kb3 Ke4 50. Rf1 Rh8 51. c6 Rxh3+ 52. Kc4 Rh2 53. b5 Rc2+ 54. Kb4 f3 55. a4 g4 56. a5 g3 57. a6 f2 58. a7 g2 59. Rxf2 Rxf2 60. a8=Q g1=Q 61. Qe8+ Kd3 62. Qd7+ Kc2 63. c7 Rf4+ 64. Ka3 Qa7# 0-1


[Site "https://www.chess.com"]

[Event "Titled Tuesday Blitz July 18 Late 2023"]
[White "Trifan, Andrei Ioan"]
[Black "Perez Ponsa, Federico"]
[WhiteFideId "12967068"]
[BlackFideId "117927"]
[WhiteElo "2573"]
[BlackElo "2835"]
[Result "0-1"]
[Round "7"]
[TimeControl "180+2"]
[Date "2023.07.18"]
[WhiteClock "0:01:33"]
[BlackClock "0:02:00"]
[Board "24"]

1. e4 c5 2. Nf3 d6 3. d4 cxd4 4. Nxd4 Nf6 5. Nc3 a6 6. Bg5 e6 7. f4 h6 8. Bh4 Nbd7 9. Qe2 e5 10. fxe5 Nxe5 11. O-O-O Be7 12. Nf5 Bxf5 13. exf5 O-O 14. Bxf6 Bxf6 15. Nd5 Rc8 16. Kb1 Nc4 17. c3 Re8 18. Qf3 Nb6 19. Bd3 Nxd5 20. Qxd5 Re5 21. Qb3 Rc6 22. Rhe1 Rb6 23. Qa3 Ra5 24. Qxa5 Rxb2+ 25. Kxb2 Qxa5 26. Rc1 Qb4+ 0-1


[Site "https://www.chess.com"]

[Event "Titled Tuesday Blitz July 18 Late 2023"]
[White "Karacsonyi, Gellert"]
[Black "Richter, Paul"]
[WhiteFideId "764620"]
[BlackFideId "2046350"]
[WhiteElo "2816"]
[BlackElo "2532"]
[Result "1-0"]
[Round "7"]
[TimeControl "180+2"]
[Date "2023.07.18"]
[WhiteClock "0:00:09"]
[BlackClock "0:00:02"]
[Board "25"]

1. e4 c5 2. Nf3 d6 3. d4 cxd4 4. Nxd4 Nf6 5. Nc3 g6 6. Be3 Bg7 7. f3 Nc6 8. Qd2 O-O 9. Bc4 Bd7 10. O-O-O Rb8 11. Bb3 a5 12. Nd5 Nxd4 13. Bxd4 Nxd5 14. Bxg7 Kxg7 15. exd5 b5 16. a3 b4 17. axb4 Rxb4 18. h4 Qc7 19. h5 Rxb3 20. hxg6 fxg6 21. Qh6+ Kf7 22. Qxh7+ Ke8 23. Rde1 Bf5 24. Re2 Re3 25. Rd2 Rd3 26. Rhd1 Rxd5 27. g4 Rxd2 28. Rxd2 Bd7 29. Qxg6+ Kd8 30. Rd3 Qc5 31. Kb1 Qg1+ 32. Ka2 Qf2 33. Rb3 Rxf3 34. Qg8+ Kc7 35. Qb8+ Kc6 36. Qb7+ Kc5 37. Qxf3 Qxf3 38. Rxf3 Bxg4 39. Rc3+ Kb5 40. Rc7 e5 41. Kb3 Be6+ 42. Kc3 Kb6 43. Re7 Bf5 44. Re8 Bd7 45. Rd8 Kc7 46. Ra8 a4 47. Ra7+ Kd8 48. Kc4 Bc6 49. Kd3 Kc8 50. c3 Kd8 51. Rg7 Kc8 52. Kc4 Kd8 53. Kb4 e4 54. Kc4 Kc8 55. Kd4 Kd8 56. Ra7 Kc8 57. Ra6 Kb7 58. Ra5 Kb6 59. Rg5 Kc7 60. Rg7+ Kb6 61. Re7 Bb7 62. Rd7 Kc6 63. Re7 Kb6 64. Re6 Kc7 65. c4 Bc6 66. Re7+ Kb6 67. Rg7 Bb7 68. Rg6 Kc7 69. Rf6 Bc6 70. Rh6 Bb7 71. Rh7+ Kb6 72. Rd7 Kc6 73. Rd8 Kc7 74. Rf8 Bc6 75. Kc3 Kb6 76. Rf1 Kc5 77. Rd1 d5 78. cxd5 Bxd5 79. Re1 Bc6 80. Re3 Bd5 81. Rg3 Bc6 82. Rg5+ Bd5 83. Rg7 Bc6 84. Re7 Kd6 85. Ra7 Kc5 86. Ra5+ Bb5 87. Kd2 Kb4 88. Ra7 Bc4 89. Rb7+ Kc5 90. Ke3 Bd5 91. Ra7 Bc6 92. Ra6 Bb5 93. Ra8 Bc6 94. Rb8 Kc4 95. Rc8 Kc5 96. Kd2 Kb5 97. Kc3 Kc5 98. Rc7 Kb6 99. Re7 Kc5 100. Re5+ Bd5 101. Re8 Bc6 102. Re7 Bd5 103. Re5 Kd6 104. Kd4 Bc6 105. Ra5 Kc7 106. Ra7+ Kb6 107. Re7 Kb5 108. Re6 Bb7 109. Re5+ Kb4 110. Re8 Bc6 111. Rb8+ Bb5 112. Kxe4 Kc4 113. Ke3 Bc6 114. Kd2 Bd5 115. Kc1 Be4 116. Rc8+ Kb4 117. Rc3 Bd5 118. Rd3 Bb3 119. Rd4+ Bc4 120. Kc2 Kc5 121. Kc3 Bb3 122. Rh4 Kb5 123. Rh5+ Kc6 124. Kb4 Kd6 125. Ra5 Kc6 126. Rxa4 Bxa4 127. Kxa4 Kc5 128. Ka5 Kc6 129. Kb4 Kb6 130. b3 Kc6 131. Ka5 Kb7 132. Kb5 Kc7 133. Ka6 1-0


[Site "https://www.chess.com"]

[Event "Titled Tuesday Blitz July 18 Late 2023"]
[White "Bortnyk, Mykola"]
[Black "HamedWafa4"]
[WhiteFideId "14120836"]
[WhiteElo "3020"]
[BlackElo "2611"]
[Result "1-0"]
[Round "7"]
[TimeControl "180+2"]
[Date "2023.07.18"]
[WhiteClock "0:00:38"]
[BlackClock "0:00:00"]
[Board "26"]

1. e4 e5 2. Bc4 Nf6 3. d3 Bc5 4. Nc3 O-O 5. Bg5 h6 6. Bh4 c6 7. Nf3 d6 8. h3 Be6 9. Qd2 Bxc4 10. dxc4 Bb4 11. O-O-O Bxc3 12. Qxc3 Nxe4 13. Qe3 Ng5 14. Nxe5 Re8 15. f4 Qa5 16. Kb1 Nh7 17. Rxd6 f6 18. c5 fxe5 19. Qb3+ Kh8 20. Qxb7 Na6 21. Rg6 Rg8 22. Rxg7 Rxg7 23. Qxa8+ Rg8 24. Qxc6 Nxc5 25. Qxh6 Ne4 26. fxe5 Qxe5 27. Re1 Nc3+ 28. bxc3 Rb8+ 29. Kc1 Qxc3 30. Qe3 Qb2+ 31. Kd2 Rb5 32. Qe8+ Kg7 33. Re7+ Kh6 34. Re6+ Kg7 35. Qg6+ 1-0


[Site "https://www.chess.com"]

[Event "Titled Tuesday Blitz July 18 Late 2023"]
[White "David, Bogdan-Emanuel"]
[Black "Yoo, Christopher Woojin"]
[WhiteFideId "1229907"]
[BlackFideId "30909694"]
[WhiteElo "2609"]
[BlackElo "2973"]
[Result "0-1"]
[Round "7"]
[TimeControl "180+2"]
[Date "2023.07.18"]
[WhiteClock "0:00:00"]
[BlackClock "0:00:42"]
[Board "27"]

1. e4 e6 2. Qe2 d5 3. exd5 Nf6 4. dxe6 Bxe6 5. Nf3 Nc6 6. c3 Be7 7. d4 O-O 8. Be3 Nd5 9. Nbd2 Re8 10. Qb5 a6 11. Qa4 Nxe3 12. fxe3 Bh4+ 13. g3 Bd5 14. gxh4 Rxe3+ 15. Kf2 Bxf3 16. Nxf3 Rxf3+ 17. Kxf3 Qd5+ 18. Kg3 Qxh1 19. Re1 Qg1+ 20. Kf3 Qxh2 21. Qb3 Rf8 22. Bg2 Qxh4 23. Qxb7 Qxe1 24. Qxc6 Qd1+ 25. Kg3 Qe1+ 26. Kf3 Re8 27. Kg4 g6 28. Qxc7 Re3 29. Bf3 h5+ 30. Kf4 g5+ 31. Kxg5 Rxf3 32. Qd8+ Kh7 33. Kxh5 Qe6 0-1


[Site "https://www.chess.com"]

[Event "Titled Tuesday Blitz July 18 Late 2023"]
[White "Pranav, V"]
[Black "Piesik, Piotr"]
[WhiteFideId "25060783"]
[BlackFideId "1136194"]
[WhiteElo "2962"]
[BlackElo "2603"]
[Result "1-0"]
[Round "7"]
[TimeControl "180+2"]
[Date "2023.07.18"]
[WhiteClock "0:01:51"]
[BlackClock "0:01:38"]
[Board "28"]

1. e4 e6 2. d4 d5 3. Nc3 Bb4 4. e5 b6 5. Qg4 Bf8 6. Nf3 Ne7 7. Bg5 Qd7 8. h4 Nf5 9. Bd3 Ba6 10. Bxf5 exf5 11. Qg3 Nc6 12. O-O-O Nd8 13. Bxd8 Rxd8 14. Rhe1 Qc6 15. e6 f6 16. h5 f4 17. Qxf4 Bb4 18. Re3 Bc8 19. Nh4 Bd6 20. Qg4 Rg8 21. Nf5 g6 22. hxg6 Rxg6 23. Qh5 Bf4 24. Qxh7 Qxe6 25. Qxg6+ 1-0


[Site "https://www.chess.com"]

[Event "Titled Tuesday Blitz July 18 Late 2023"]
[White "Vaibhav Jayant Raut"]
[Black "Maghsoodloo, Parham"]
[WhiteFideId "5089034"]
[BlackFideId "12539929"]
[WhiteElo "2603"]
[BlackElo "2959"]
[Result "0-1"]
[Round "7"]
[TimeControl "180+2"]
[Date "2023.07.18"]
[WhiteClock "0:00:18"]
[BlackClock "0:02:13"]
[Board "29"]

1. c4 e5 2. g3 h5 3. h4 Bc5 4. Bg2 Nf6 5. Nc3 c6 6. e3 d5 7. cxd5 cxd5 8. d4 exd4 9. exd4 Bb6 10. Nf3 Nc6 11. O-O O-O 12. Bg5 Bg4 13. Bxf6 Qxf6 14. Nxd5 Qd8 15. Ne3 Nxd4 16. Nxg4 hxg4 17. Nxd4 Qxd4 18. Bxb7 Rab8 19. Bg2 f5 20. b3 Qc3 21. Qd5+ Kh7 22. Kh2 Rbd8 23. Qc4 Qb2 24. Qc1 Qf6 25. Qc2 Rc8 26. Qd3 Rc3 27. Qd5 Rd8 28. Qb5 Rd2 29. Qe8 Qg6 30. Qxg6+ Kxg6 31. Rad1 Rxd1 32. Rxd1 Bxf2 33. Rd6+ Kh5 34. Rd7 Bxg3+ 35. Kg1 Rc1+ 36. Bf1 f4 37. Rxg7 f3 38. Rxa7 Kxh4 39. Rh7+ Kg5 40. Rg7+ Kh5 41. a4 Bd6 42. b4 Bxb4 43. a5 Bc5+ 44. Kh2 Rxf1 45. Rd7 Rf2+ 46. Kg3 Rg2+ 47. Kf4 f2 48. Rd5+ Kh4 49. Rd1 Rg1 0-1


[Site "https://www.chess.com"]

[Event "Titled Tuesday Blitz July 18 Late 2023"]
[White "Anton Guijarro, David"]
[Black "Pinheiro, Iung Alicio de O."]
[WhiteFideId "2285525"]
[BlackFideId "2104350"]
[WhiteElo "2916"]
[BlackElo "2601"]
[Result "1-0"]
[Round "7"]
[TimeControl "180+2"]
[Date "2023.07.18"]
[WhiteClock "0:00:47"]
[BlackClock "0:00:05"]
[Board "30"]

1. d4 Nf6 2. c3 e6 3. Bg5 h6 4. Bh4 d6 5. Nd2 g5 6. Bg3 Nh5 7. e3 Nxg3 8. hxg3 Bg7 9. f4 Nd7 10. Ngf3 Qe7 11. Qc2 g4 12. Nh4 b6 13. O-O-O Bb7 14. e4 O-O-O 15. Qa4 Kb8 16. Ba6 Ba8 17. Rhe1 h5 18. Kb1 Bf6 19. Rh1 d5 20. e5 Bg7 21. Nb3 Bb7 22. Bxb7 Kxb7 23. f5 Qg5 24. Qb5 Ka8 25. Qc6+ Kb8 26. fxe6 fxe6 27. Qxe6 Nf8 28. Qf5 Qe7 29. Rdf1 Rh6 30. Qf7 Re6 31. Qxe7 Rxe7 32. Nf5 Rf7 33. Nxg7 Rxg7 34. Rxh5 Ne6 35. Nc1 c5 36. Ne2 cxd4 37. Nxd4 Nxd4 38. cxd4 Rc8 39. e6 Re7 40. Re1 Rc6 41. Rhe5 Kc7 42. Rxd5 Rcxe6 43. Rxe6 Rxe6 44. Rg5 Re1+ 45. Kc2 Re2+ 46. Kc3 Rxg2 47. Rxg4 a5 48. a4 Rf2 49. Rg6 Kb7 50. b3 Kc7 51. g4 Rg2 52. g5 Rg3+ 53. Kc4 Kb7 54. Rg8 Kc6 55. g6 Kc7 56. g7 Kb7 57. d5 Rg4+ 58. Kd3 Rg1 59. d6 Rg6 60. Kc3 Rg4 61. d7 1-0


[Site "https://www.chess.com"]

[Event "Titled Tuesday Blitz July 18 Late 2023"]
[White "Geivondian, Arman"]
[Black "Nguyen, Ngoc Truong Son"]
[WhiteFideId "24102032"]
[BlackFideId "12401110"]
[WhiteElo "2600"]
[BlackElo "2859"]
[Result "0-1"]
[Round "7"]
[TimeControl "180+2"]
[Date "2023.07.18"]
[WhiteClock "0:01:43"]
[BlackClock "0:02:02"]
[Board "31"]

1. e4 c5 2. Nf3 Nc6 3. Bb5 d6 4. Bxc6+ bxc6 5. e5 f6 6. exd6 e5 7. d3 Bxd6 8. h3 Ne7 9. O-O g5 10. Nc3 h5 11. Ne4 Ng6 12. Nfd2 g4 13. Nc4 Be7 14. Be3 gxh3 15. g3 h4 16. Qf3 h2+ 17. Kh1 Bh3 18. Nxc5 Bxc5 19. Qxc6+ Kf7 20. Bxc5 Kg7 21. Qb7+ Qd7 22. Qxd7+ Bxd7 23. Kxh2 hxg3+ 24. Kxg3 Rh3+ 25. Kg2 Nf4+ 26. Kg1 Rah8 27. f3 Rh1+ 28. Kf2 R8h2+ 29. Ke3 Re2# 0-1


[Site "https://www.chess.com"]

[Event "Titled Tuesday Blitz July 18 Late 2023"]
[White "Fonseca Manrique, Enrique"]
[Black "Bachmann, Axel"]
[WhiteFideId "5114330"]
[BlackFideId "3700488"]
[WhiteElo "2586"]
[BlackElo "2839"]
[Result "0-1"]
[Round "7"]
[TimeControl "180+2"]
[Date "2023.07.18"]
[WhiteClock "0:00:21"]
[BlackClock "0:00:35"]
[Board "32"]

1. e4 c5 2. Nf3 e6 3. d4 cxd4 4. Nxd4 Nc6 5. Nc3 Qc7 6. f4 a6 7. Nxc6 Qxc6 8. Bd3 b5 9. Bd2 Bb7 10. Qe2 Bc5 11. a3 Ne7 12. O-O-O Rc8 13. g4 O-O 14. g5 f5 15. gxf6 Rxf6 16. e5 Rf7 17. Be4 Qc7 18. Bxb7 Qxb7 19. Ne4 Qc6 20. Nxc5 Qxc5 21. Bb4 Qc6 22. Rhg1 Nd5 23. Rd4 Nxf4 24. Qd2 Qxc2+ 25. Qxc2 Ne2+ 26. Kd1 Rxc2 27. Kxc2 Nxd4+ 28. Kd3 Nf3 29. Rc1 Nxe5+ 30. Ke4 Nc6 0-1


[Site "https://www.chess.com"]

[Event "Titled Tuesday Blitz July 18 Late 2023"]
[White "Tristan, Leonardo"]
[Black "Vlassov, Nikolai"]
[WhiteFideId "113816"]
[BlackFideId "4103360"]
[WhiteElo "2790"]
[BlackElo "2582"]
[Result "1-0"]
[Round "7"]
[TimeControl "180+2"]
[Date "2023.07.18"]
[WhiteClock "0:00:05"]
[BlackClock "0:00:00"]
[Board "33"]

1. d4 Nf6 2. Nf3 e6 3. Bf4 c5 4. c3 b6 5. e3 Bb7 6. Nbd2 Be7 7. h3 h6 8. Bd3 d6 9. Qe2 Nbd7 10. e4 Qc7 11. Bh2 a6 12. e5 dxe5 13. Nxe5 Nxe5 14. Bxe5 Qc6 15. Bxf6 Bxf6 16. Be4 Qc7 17. dxc5 bxc5 18. Nc4 O-O 19. Bxb7 Qxb7 20. O-O Rad8 21. Rfd1 Rd5 22. Ne3 Rxd1+ 23. Rxd1 Qb5 24. Nc4 Rd8 25. Rxd8+ Bxd8 26. Qd3 Bf6 27. b3 a5 28. Qf3 Kh7 29. Qe4+ g6 30. Qf3 Kg7 31. Nd6 Qd7 32. Ne4 Be7 33. Qe3 f5 34. Nd2 Qd5 35. Nc4 Bf6 36. Nxa5 g5 37. Nc4 f4 38. Qd2 Qe4 39. Kf1 h5 40. f3 Qb1+ 41. Ke2 g4 42. hxg4 hxg4 43. fxg4 Qg1 44. Kf3 Qf1+ 45. Qf2 Qd3+ 46. Kxf4 Kg6 47. Ne5+ 1-0


[Site "https://www.chess.com"]

[Event "Titled Tuesday Blitz July 18 Late 2023"]
[White "Bartel, Michal"]
[Black "Elsa167"]
[WhiteFideId "1119257"]
[WhiteElo "2579"]
[BlackElo "2789"]
[Result "0-1"]
[Round "7"]
[TimeControl "180+2"]
[Date "2023.07.18"]
[WhiteClock "0:00:20"]
[BlackClock "0:00:07"]
[Board "34"]

1. e4 c5 2. Ne2 Nc6 3. g3 h5 4. h4 g6 5. Bg2 Bg7 6. c3 e5 7. d3 d6 8. Be3 Nf6 9. Nd2 Ng4 10. Nf1 Nxe3 11. Nxe3 Ne7 12. f4 exf4 13. Nxf4 Be5 14. O-O Bd7 15. d4 cxd4 16. cxd4 Bg7 17. Qb3 O-O 18. Rad1 Qb6 19. Qxb6 axb6 20. a3 Ra4 21. Nc2 Rc4 22. Rf2 Rfc8 23. Rdd2 Ba4 24. Ne3 Rxd4 25. Ned5 Nxd5 26. Nxd5 Rxd2 27. Rxd2 Rc2 28. Rxc2 Bxc2 29. b4 Bb2 30. Ne7+ Kg7 31. Nc8 Bxa3 32. Nxd6 Bxb4 33. Nxb7 Kf6 34. Nd8 Bc5+ 35. Kf1 Bb3 36. Ke2 Ke5 37. Bf3 Bc4+ 38. Ke1 Kd4 39. Kd2 Bb4+ 40. Kc2 Bd6 41. g4 hxg4 42. Bxg4 Kxe4 43. h5 gxh5 44. Bxh5 f5 45. Kc3 Bd5 46. Kd2 b5 47. Nf7 Bf4+ 48. Ke2 b4 49. Bf3+ Kd4 50. Bxd5 Kxd5 51. Kd3 Ke6 52. Nd8+ Kd5 53. Nf7 Bd6 54. Nh6 f4 55. Ng4 Ke6 56. Nf2 Kf5 57. Ne4 Be7 58. Nd2 Kg4 59. Ke4 Kg3 60. Nf1+ Kf2 61. Nd2 Ke2 62. Nf3 Kd1 63. Kxf4 b3 64. Nd4 b2 65. Nb5 Bb4 66. Na3 Bxa3 67. Kg3 b1=Q 68. Kh2 Qg6 69. Kh1 Ke2 70. Kh2 Kf3 71. Kh3 Qg3# 0-1


[Site "https://www.chess.com"]

[Event "Titled Tuesday Blitz July 18 Late 2023"]
[White "Oganian, Miran"]
[Black "robertoalejandro10"]
[WhiteFideId "4122488"]
[WhiteElo "2770"]
[BlackElo "2577"]
[Result "0-1"]
[Round "7"]
[TimeControl "180+2"]
[Date "2023.07.18"]
[WhiteClock "0:00:02"]
[BlackClock "0:00:07"]
[Board "35"]

1. e4 c5 2. Nf3 g6 3. c3 d5 4. exd5 Qxd5 5. d4 Bg7 6. Be2 cxd4 7. Nxd4 Nf6 8. O-O O-O 9. Bf3 Qa5 10. Re1 Rd8 11. Qe2 e6 12. Nd2 a6 13. Nc4 Qc7 14. Bg5 Nc6 15. Nxc6 bxc6 16. Ne5 Bb7 17. g3 h6 18. Bf4 Qc8 19. Rad1 Nd5 20. Bc1 Qc7 21. c4 Ne7 22. Ng4 Nf5 23. Bf4 Qa5 24. b4 Qxb4 25. Rb1 Qe7 26. Be5 Nd4 27. Bxd4 Rxd4 28. Ne5 Bxe5 29. Qxe5 Rad8 30. c5 Ba8 31. Kg2 Rd2 32. h4 h5 33. Rbc1 Rxa2 34. Red1 Rad2 35. Rxd2 Rxd2 36. Rb1 Rd8 37. Rb6 Bb7 38. Qb2 Bc8 39. Rxc6 Bd7 40. Rc7 Rc8 41. Qb7 Rxc7 42. Qxc7 Qe8 43. c6 Bc8 44. Qd6 a5 45. c7 a4 46. g4 hxg4 47. Bxg4 a3 48. Bf3 a2 49. Qd4 Qe7 50. Qd8+ Qf8 51. Qf6 Qg7 52. Qd8+ Qf8 53. Qd1 Qc5 54. h5 Qxc7 55. h6 Kh7 56. Qa1 e5 57. Qxa2 Be6 58. Qa8 Qe7 59. Kf1 Qg5 60. Qf8 Qxh6 61. Qe7 Qg7 62. Qh4+ Qh6 63. Qd8 Qf4 64. Bg2 Bc4+ 65. Kg1 Qc1+ 66. Kh2 Qh6+ 67. Kg1 Be6 68. Qf6 Qf4 69. Qd8 Kg7 70. Qe7 Qf6 71. Qc7 Qg5 72. Kf1 Bf5 73. Bd5 Qf6 74. Bc4 Be6 75. Be2 e4 76. Qb7 Qe5 77. Qa7 Bh3+ 78. Ke1 Qc3+ 79. Kd1 Be6 80. Bb5 Bb3+ 81. Ke2 Bc4+ 82. Bxc4 Qxc4+ 83. Ke3 Qd3+ 84. Kf4 Qf3+ 85. Ke5 Qf5+ 86. Kd6 Qf4+ 87. Kd5 Qf5+ 88. Kd6 g5 89. Ke7 Qe5+ 90. Kd8 Kg6 91. Qe3 Qf4 92. Qb6+ Qf6+ 93. Ke8 Qxb6 0-1


[Site "https://www.chess.com"]

[Event "Titled Tuesday Blitz July 18 Late 2023"]
[White "Llorente Zaro, Alfonso"]
[Black "Gascon Del Nogal, Jose Rafael"]
[WhiteFideId "2254131"]
[BlackFideId "3902463"]
[WhiteElo "2738"]
[BlackElo "2567"]
[Result "0-1"]
[Round "7"]
[TimeControl "180+2"]
[Date "2023.07.18"]
[WhiteClock "0:00:28"]
[BlackClock "0:00:48"]
[Board "36"]

1. e4 c5 2. Nf3 d6 3. Bb5+ Bd7 4. Bxd7+ Nxd7 5. c4 Ngf6 6. Nc3 g6 7. d4 cxd4 8. Nxd4 Bg7 9. f3 O-O 10. Be3 Qa5 11. Qd2 Rfc8 12. b3 a6 13. Nd5 Qxd2+ 14. Kxd2 Nxd5 15. cxd5 Rc7 16. Rac1 Rac8 17. Rxc7 Rxc7 18. Rc1 Rxc1 19. Kxc1 Bxd4 20. Bxd4 f5 21. exf5 gxf5 22. Kd2 Kf7 23. Ke3 Nf8 24. g4 Kg6 25. Kf4 e5+ 26. Bxe5 dxe5+ 27. Kxe5 fxg4 28. fxg4 Kg5 29. h3 Kh4 30. Kf6 Nd7+ 31. Ke7 Nb6 32. d6 Kxh3 33. g5 Kg4 34. Kf6 Kf4 35. b4 Nd5+ 36. Ke6 Nxb4 37. d7 Nc6 38. Kd6 Kxg5 39. Kc7 h5 40. Kxb7 Nd8+ 41. Kxa6 h4 42. Kb6 h3 43. Kc7 Nf7 0-1


[Site "https://www.chess.com"]

[Event "Titled Tuesday Blitz July 18 Late 2023"]
[White "Diano, Eden"]
[Black "Leiva, Gianmarco"]
[WhiteFideId "5203708"]
[BlackFideId "3804399"]
[WhiteElo "2567"]
[BlackElo "2729"]
[Result "1-0"]
[Round "7"]
[TimeControl "180+2"]
[Date "2023.07.18"]
[WhiteClock "0:01:25"]
[BlackClock "0:00:00"]
[Board "37"]

1. d4 Nf6 2. c4 e6 3. a3 c5 4. e3 b6 5. Nc3 cxd4 6. exd4 Bb7 7. Bg5 h6 8. Bxf6 Qxf6 9. Nf3 Bxf3 10. Qxf3 Qxf3 11. gxf3 Nc6 12. O-O-O Rc8 13. Kb1 Na5 14. d5 Nxc4 15. dxe6 fxe6 16. f4 Nxa3+ 17. Ka2 Be7 18. Kb3 Rf8 19. bxa3 Rxf4 20. Bb5 Rc7 21. Rxd7 Rxd7 22. Rd1 Rf3 23. Rxd7 Kf8 24. Rxa7 Rxf2 25. Rb7 Bc5 26. Bc4 e5 27. a4 Bd4 28. Ne4 Rb2+ 29. Ka3 Rxh2 30. Kb4 Rh4 31. Bd5 Bc5+ 32. Kb5 Bd4 33. Nd6 Rh1 34. Bxh1 g5 35. Bd5 e4 36. Nxe4 1-0


[Site "https://www.chess.com"]

[Event "Titled Tuesday Blitz July 18 Late 2023"]
[White "Nasuta, Grzegorz"]
[Black "Altman, Joshua"]
[WhiteFideId "1141686"]
[BlackFideId "426210"]
[WhiteElo "2726"]
[BlackElo "2562"]
[Result "1-0"]
[Round "7"]
[TimeControl "180+2"]
[Date "2023.07.18"]
[WhiteClock "0:00:19"]
[BlackClock "0:00:45"]
[Board "38"]

1. e4 d5 2. exd5 Nf6 3. Nf3 Nxd5 4. d4 g6 5. c4 Nf6 6. Nc3 Bg7 7. Be2 O-O 8. O-O Bf5 9. Be3 Ne4 10. Qb3 Nd7 11. Nxe4 Bxe4 12. Nd2 Bf5 13. g4 Be6 14. d5 Ne5 15. dxe6 fxe6 16. Rad1 Qe8 17. f4 Nc6 18. Nf3 e5 19. fxe5 Nxe5 20. Nxe5 Bxe5 21. Rxf8+ Qxf8 22. Qxb7 Kg7 23. Qe4 Bf6 24. g5 Bxb2 25. Bd4+ Bxd4+ 26. Qxd4+ Kg8 27. Rf1 Qe8 28. Bf3 Rb8 29. Bd5+ e6 30. Re1 Rb6 31. Qf6 Qf7 32. Bxe6 Rxe6 33. Qxe6 1-0


[Site "https://www.chess.com"]

[Event "Titled Tuesday Blitz July 18 Late 2023"]
[White "Darini, Pouria"]
[Black "Pham, Le Thao Nguyen"]
[WhiteFideId "12502200"]
[BlackFideId "12401226"]
[WhiteElo "2711"]
[BlackElo "2560"]
[Result "1-0"]
[Round "7"]
[TimeControl "180+2"]
[Date "2023.07.18"]
[WhiteClock "0:00:01"]
[BlackClock "0:00:00"]
[Board "39"]

1. d4 d5 2. Bg5 c6 3. Nd2 Qb6 4. Nb3 Bf5 5. Nf3 Nd7 6. e3 Ngf6 7. Bd3 Bg6 8. Ne5 e6 9. Nxd7 Nxd7 10. h4 Bb4+ 11. c3 Bd6 12. Bf4 Be7 13. h5 Bxd3 14. Qxd3 h6 15. Nd2 c5 16. O-O-O Rc8 17. Kb1 Qc6 18. f3 b5 19. e4 O-O 20. Rhe1 Nb6 21. dxc5 Bxc5 22. Nb3 Rfd8 23. a3 Nc4 24. exd5 Rxd5 25. Qe4 Rcd8 26. Rxd5 Rxd5 27. Bc1 Bf8 28. Rd1 a6 29. Rxd5 exd5 30. Qd3 Qe6 31. Nd4 Qe1 32. g4 Bd6 33. Nc2 Qe5 34. Ne3 Nxe3 35. Bxe3 Qe6 36. Kc2 Be5 37. Kd2 Qc6 38. Qf5 Bf6 39. Bf4 d4 40. cxd4 Bxd4 41. Qc2 Qe6 42. Qd3 Bxb2 43. Kc2 Bf6 44. Bd2 Qe5 45. Kd1 Qa1+ 46. Ke2 Qe5+ 47. Kf1 Qd4 48. Qe2 Be5 49. Kg2 Qb2 50. Kh3 Qd4 51. Kg2 Bf6 52. Qe8+ Kh7 53. Qe2 Be5 54. Kf1 Bf6 55. Be1 Be5 56. Bf2 Qa1+ 57. Kg2 Qb2 58. Qe4+ Kg8 59. f4 Bc3 60. Qa8+ Kh7 61. Qe4+ Kg8 62. Kg3 Qb3 63. Qe8+ Kh7 64. Kg2 Qxa3 65. Qe4+ Kg8 66. Qd3 b4 67. Qd8+ Kh7 68. Qd3+ Kg8 69. g5 hxg5 70. fxg5 Qa5 71. Be3 Qb5 72. Qd8+ Kh7 73. Kf3 Qc6+ 74. Ke2 Qe6 75. Qd3+ Kg8 76. g6 fxg6 77. hxg6 Bf6 78. Qc2 Be7 79. Qc7 Bf8 80. Qb8 Qd6 81. Qb7 b3 82. Kf3 Qf6+ 83. Ke2 b2 84. Qb3+ Kh8 85. Qb8 1-0


[Site "https://www.chess.com"]

[Event "Titled Tuesday Blitz July 18 Late 2023"]
[White "Volovich, Vasily"]
[Black "Petesch, Gabriel"]
[WhiteFideId "34169676"]
[BlackFideId "2032465"]
[WhiteElo "2708"]
[BlackElo "2553"]
[Result "0-1"]
[Round "7"]
[TimeControl "180+2"]
[Date "2023.07.18"]
[WhiteClock "0:00:00"]
[BlackClock "0:00:18"]
[Board "40"]

1. e4 d6 2. d4 e5 3. Nf3 exd4 4. Nxd4 Nf6 5. Nc3 Be7 6. Bg5 O-O 7. Qd2 h6 8. Bf4 a6 9. O-O-O b5 10. a3 Bb7 11. f3 Nfd7 12. Nf5 Bf6 13. Nd5 Nc6 14. g4 Nce5 15. Be2 Bxd5 16. Qxd5 Nb6 17. Qb3 Nec4 18. c3 Bg5 19. Bxg5 Qxg5+ 20. Kc2 g6 21. Ng3 Ne3+ 22. Kb1 Nxd1 23. Rxd1 Qe3 24. Ka2 Nc4 25. Bxc4 bxc4 26. Qxc4 Rab8 27. Qd3 Qf4 28. Rd2 Rb5 29. Ne2 Qf6 30. Nd4 Rb6 31. Qc4 c5 32. Nc2 Qxf3 33. Qd5 Rfb8 34. Ne1 Qe3 35. Qd3 Qxe1 0-1


[Site "https://www.chess.com"]